 Dungeon Crawl Stone Soup version 0.31-a0-691-g409c26aa35 (webtiles) character file.

Game seed: 8374677144604312197

1554 qw the Skirmisher (level 8, -3/51 HPs)
             Began as a Gargoyle Hunter on Sept 6, 2023.
             Was a Follower of Okawaru.
             Slain by an ogre
             ... wielding a +0 giant club
              (15 damage)
             ... on level 5 of the Dungeon.
             The game lasted 00:01:43 (3273 turns).

qw the Skirmisher (Gargoyle Hunter)                 Turns: 3273, Time: 00:01:44

Health: -3/51      AC: 13    Str: 19    XL:     8   Next: 88%
Magic:  9/9        EV: 12    Int:  9    God:    Okawaru [*.....]
Gold:   282        SH:  4    Dex: 16    Spells: 7/7 levels left

rFire   + . .        b - +1 orcbow
rCold   + . .        (shield currently unavailable)
rNeg    + . .        f - +0 leather armour {rC+}
rPois   inf          e - +0 helmet
rElec   +            (no cloak)
rCorr   .            q - +3 pair of gloves "Cuotishru" {rPois}
SInv    +            (no boots)
Will    .....        (no amulet)
Stlth   +++          g - ring of protection from fire
HPRegen 0.28/turn    c - ring of see invisible
MPRegen 0.11/turn

%: no passive effects
@: about to teleport
A: sickness immunity, AC +5, negative energy resistance 1, electricity
resistance, torment resistance 1, petrification resistance, large bone plates 1,
thin skeletal structure 1, strong 1
a: Renounce Religion, Heroism


You were on level 5 of the Dungeon.
You worshipped Okawaru.
Okawaru was aware of your devotion.
You visited 2 branches of the dungeon, and saw 6 of its levels.

You collected 282 gold pieces.


Innate Abilities, Weirdness & Mutations

You are immune to sickness and miasma.
Your stone body is resilient. (AC +5)
You are immune to poison.
You resist negative energy. (rN+)
You are resistant to electric shocks. (rElec)
You are resistant to unholy torment.
You are immune to petrification.
You are partially covered in large bone plates. (SH +4)
You have a somewhat thin skeletal structure. (Dex +2, Stealth+)
Your muscles are strong. (Str +4, Int/Dex -1)


   Skills:
 - Level 6.0 Fighting
 + Level 9.4 Ranged Weapons
 - Level 1.3 Armour
 - Level 2.9 Dodging
 - Level 1.1 Stealth
 + Level 2.5 Invocations


You had 7 spell levels left.
You didn't know any spells.
Your spell library was empty.

Inventory:

Hand Weapons
 b - a +1 orcbow (weapon)
Armour
 e - a +0 helmet (worn)
 f - a +0 leather armour of cold resistance (worn)
 i - a +0 ring mail
 q - the +3 pair of gloves "Cuotishru" (worn) {rPois}
   (You found it on level 4 of the Dungeon)

   rPois:     It protects you from poison
Jewellery
 c - a ring of see invisible (right hand)
 g - a ring of protection from fire (left hand)
Wands
 m - a wand of digging (3)
Scrolls
 a - a scroll of fear {unknown}
 d - a scroll of identify
 r - a scroll of teleportation
Potions
 j - 2 potions of curing
 l - 2 potions of lignification {unknown}
 o - a potion of attraction {unknown}
 p - a potion of enlightenment {unknown}

Dungeon Overview and Level Annotations

Branches:
Dungeon (5/15)             Temple (1/1) D:5

Altars:
Cheibriados
Dithmenos
Fedhas
Hepliaklqana
Kikubaaqudgha
Makhleb
Nemelex Xobeh
Okawaru
Ru
Sif Muna
Trog
Uskayaw
Vehumet
Xom
Zin
Lugonu

Shops:
D:4 :


Message History

The iguana closely misses you.
You shoot an arrow. The arrow hits the iguana!
You kill the iguana!
Okawaru accepts your kill.
You shoot an arrow. The arrow barely misses the ogre.
You hear a bark!
A jackal comes into view.
The ogre closely misses you.
You shoot an arrow. The arrow barely misses the ogre.
You shoot an arrow. The arrow hits the ogre.
The ogre is lightly wounded.
The jackal bites you but does no damage.
The ogre hits you with a +0 giant club!
You shoot an arrow. The arrow hits the ogre.
The ogre is lightly wounded.
You block the jackal's attack. The jackal completely misses you.
You shoot an arrow. The arrow barely misses the ogre.
The ogre misses you. The jackal barely misses you.
You shoot an arrow. The arrow hits the ogre.
The ogre is moderately wounded.
You block the jackal's attack.
You shoot an arrow. The arrow barely misses the ogre.
The ogre hits you with a +0 giant club! You block the jackal's attack.
You shoot an arrow. The arrow hits the ogre.
The ogre is heavily wounded.
An ogre comes into view. It is wielding a +0 giant spiked club.
The jackal completely misses you.
You shoot an arrow. The arrow barely misses the ogre.
You block the jackal's attack.
The ogre hits you with a +0 giant club!!
A dart slug comes into view.
3273 ||| READING 2 scrolls of teleportation.
As you read the scroll of teleportation, it crumbles to dust.
You feel strangely unstable.
You feel like a meek peon again.
The jackal bites you but does no damage.
An ogre comes into view. It is wielding a +0 giant club.
The jackal bites you but does no damage.
The ogre hits you with a +0 giant club!
You die...

.##...........##
.......#..##...#
.#.#...#...#...###
.#........###...%#
...........#####%#####
.#....###..#.........#
......#....#.8..8..8.#
......#...##.........#
..#........##+##@##'##
..#....?...# #.O#hO##
<##..#.....##... #O#
###..#.....#...# .#..
.#...#...# #..# .. w##
###......###+# +##' #
.#.........#
....<......#
...........#


You could see 3 ogres, a dart slug and a jackal.

Vanquished Creatures
  Sigmund (D:2)
  Eustachio (D:4)
  An ice beast (D:5)
  An ogre (D:5)
  2 centaurs (D:5)
  A phantom (D:5)
  4 scorpions (D:5)
  2 howler monkeys
  2 hounds (D:5)
  A jelly (D:4)
  2 orc priests (D:4)
  2 sleepcaps
  Ijyb (D:3)
  Natasha (thrice) (D:2)
  2 iguanas
  7 gnolls
  4 adders
  An ufetubus (D:4)
  2 worms
  2 dart slugs
  9 orcs
  5 endoplasms
  2 giant cockroaches
  9 goblins
  7 hobgoblins
  2 jackals (D:2)
  8 kobolds
  3 ball pythons
  2 bats (D:2)
  3 frilled lizards
  8 rats
100 creatures vanquished.

Notes
Turn   | Place    | Note
-------+----------+-------------------------------------------
     0 | D:1      | qw the Gargoyle Hunter began the quest for the Orb.
     0 | D:1      | Reached XP level 1. HP: 12/12 MP: 1/1
     0 | D:1      | 0 ||| qw: Version: 0.3-a-76-g4403597
     0 | D:1      | 0 ||| qw: Game counter: 44
     0 | D:1      | 0 ||| qw: Melee chars always use a shield: true
     0 | D:1      | 0 ||| qw: God list: Okawaru
     0 | D:1      | 0 ||| qw: Allow faded altars: false
     0 | D:1      | 0 ||| qw: Do Orc after clearing Dungeon:15 true
     0 | D:1      | 0 ||| qw: Do second Lair branch before Depths: true
     0 | D:1      | 0 ||| qw: Lair rune preference: random
     0 | D:1      | 0 ||| qw: Goals: Normal
     0 | D:1      | 0 ||| PLANNING D:1-11
   347 | D:1      | Reached XP level 2. HP: 17/17 MP: 2/2
   879 | D:1      | 879 ||| UPGRADING to +0 ring mail.
   889 | D:1      | 889 ||| DROPPING +0 leather armour.
   890 | D:1      | 890 ||| UPGRADING to ring of protection from fire.
   891 | D:1      | 891 ||| READING scroll labelled XAROTO PAAFINA.
   903 | D:1      | 903 ||| READING scroll labelled MIULUS MOWEYN.
   904 | D:1      | 904 ||| READING scroll labelled HIERHO ZAAMPEHEI.
   905 | D:1      | 905 ||| DRINKING 3 ruby potions.
   906 | D:1      | 906 ||| DRINKING 2 fuming green potions.
   907 | D:1      | 907 ||| DROPPING scroll of butterflies.
   937 | D:2      | Identified the +2 sling "Pisunu" {flame, Will+ rCorr Str+3
                  | Stlth-}
   940 | D:2      | Reached skill level 1 in Armour
   942 | D:2      | Reached XP level 3. HP: 21/21 MP: 3/3
   949 | D:2      | 949 ||| SWAPPING to +2 sling "Pisunu" {flame, Will+ rCorr
                  | Str+3 Stlth-}.
   950 | D:2      | 950 ||| DROPPING +0 shortbow.
   951 | D:2      | Found a burning altar of Makhleb.
   956 | D:2      | Noticed Natasha
   959 | D:2      | 959 ||| Stepping ~*~*~tactically~*~*~ (outnumbered).
   972 | D:2      | Killed Natasha
   973 | D:2      | Reached skill level 5 in Ranged Weapons
   973 | D:2      | Noticed Natasha
   981 | D:2      | Reached XP level 4. HP: 14/27 MP: 4/4
   986 | D:2      | Killed Natasha
   987 | D:2      | Reached skill level 3 in Fighting
  1088 | D:2      | Noticed Natasha
  1094 | D:2      | Killed Natasha
  1098 | D:2      | Reached XP level 5. HP: 32/32 MP: 5/5
  1101 | D:2      | Found a faded altar of an unknown god.
  1304 | D:2      | Noticed Sigmund
  1317 | D:2      | HP: 5/32 [Sigmund/+2 scythe of distortion (5)]
  1318 | D:2      | 1318 ||| DRINKING 3 potions of heal wounds.
  1321 | D:2      | Killed Sigmund
  1322 | D:2      | Reached skill level 6 in Ranged Weapons
  1322 | D:2      | Reached XP level 6. HP: 30/37 MP: 6/6
  1353 | D:2      | Identified the +4 sling of the Mushroom {heavy, Int+2}
  1488 | D:2      | 1488 ||| UPGRADING to +0 helmet.
  1493 | D:2      | 1493 ||| DROPPING ring of flight.
  1494 | D:2      | 1494 ||| READING scroll labelled XIECOXT LOOPS.
  1495 | D:2      | 1495 ||| READING scroll labelled QAIHUKHLAINU.
  1648 | D:3      | 1648 ||| Stepping ~*~*~tactically~*~*~ (outnumbered).
  1655 | D:3      | 1655 ||| Stepping ~*~*~tactically~*~*~ (outnumbered).
  1671 | D:3      | HP: 8/38 [gnoll/+0 spear (2)]
  1672 | D:3      | 1672 ||| DRINKING 2 potions of heal wounds.
  1682 | D:3      | HP: 9/38 [gnoll/+0 spear (5)]
  1683 | D:3      | 1683 ||| DRINKING potion of heal wounds.
  1687 | D:3      | Reached skill level 7 in Ranged Weapons
  1783 | D:3      | Noticed Ijyb
  1799 | D:3      | Killed Ijyb
  2019 | D:3      | 2019 ||| READING scroll labelled EHU MYXZEST.
  2020 | D:3      | 2020 ||| READING scroll labelled KIOGUYDYAL.
  2021 | D:3      | 2021 ||| READING scroll labelled QOFRAU NUGH.
  2025 | D:3      | 2025 ||| READING scroll labelled KUMATZY UNYGUVUGG.
  2026 | D:3      | 2026 ||| DRINKING 2 sedimented white potions.
  2026 | D:3      | Gained mutation: You have hidden genetic defects. [potion
                  | of mutation]
  2026 | D:3      | Gained mutation: You are partially covered in iridescent
                  | scales. (AC +2) [potion of mutation]
  2054 | D:4      | 2054 ||| STAIRDANCE
  2088 | D:4      | Reached XP level 7. HP: 43/43 MP: 7/7
  2100 | D:4      | Gained mutation: You are frail. (-10% HP) [hidden defects]
  2106 | D:4      | 2106 ||| DRINKING potion of mutation.
  2106 | D:4      | Lost mutation: You are partially covered in iridescent
                  | scales. (AC +2) [potion of mutation]
  2106 | D:4      | Lost mutation: You have hidden genetic defects. [potion of
                  | mutation]
  2106 | D:4      | Lost mutation: You are frail. (-10% HP) [potion of
                  | mutation]
  2106 | D:4      | Gained mutation: Your muscles are strong. (Str +4, Int/Dex
                  | -1) [potion of mutation]
  2106 | D:4      | Gained mutation: You are partially covered in large bone
                  | plates. (SH +4) [potion of mutation]
  2106 | D:4      | Gained mutation: You have a somewhat thin skeletal
                  | structure. (Dex +2, Stealth+) [potion of mutation]
  2113 | D:4      | Noticed Eustachio
  2117 | D:4      | 2117 ||| RETREATING.
  2123 | D:4      | 2123 ||| Stepping ~*~*~tactically~*~*~ (retreating).
  2127 | D:4      | 2127 ||| Stepping ~*~*~tactically~*~*~ (retreating).
  2128 | D:4      | 2128 ||| Stepping ~*~*~tactically~*~*~ (retreating).
  2129 | D:4      | 2129 ||| Stepping ~*~*~tactically~*~*~ (retreating).
  2155 | D:4      | Reached skill level 8 in Ranged Weapons
  2169 | D:4      | Killed Eustachio
  2332 | D:4      | Identified the +6 spear of Haulaej {freeze, *Slow Str+6
                  | SInv}
  2415 | D:4      | Found a sacrificial altar of Ru.
  2420 | D:4      | Found a blossoming altar of Fedhas.
  2423 | D:4      | Found a hide-covered altar of Uskayaw.
  2477 | D:4      | Identified the +3 pair of gloves "Cuotishru" {rPois}
  2627 | D:4      | Found Huhoof's Self-Improvement Boutique.
  2740 | D:4      | 2740 ||| UPGRADING to +0 leather armour of cold resistance.
  2750 | D:4      | 2750 ||| UPGRADING to +3 pair of gloves "Cuotishru"
                  | {rPois}.
  2755 | D:4      | 2755 ||| READING scroll labelled MAGATR RADAOZ.
  2756 | D:4      | 2756 ||| READING 2 scrolls of identify.
  2756 | D:4      | 2756 ||| IDENTIFYING fizzy white potion
  2757 | D:4      | 2757 ||| DROPPING potion of berserk rage.
  2790 | D:5      | Entered Level 5 of the Dungeon
  2853 | D:5      | Reached XP level 8. HP: 49/49 MP: 8/8
  2873 | D:5      | 2873 ||| SWAPPING to +0 orcbow.
  2874 | D:5      | 2874 ||| DROPPING +2 sling "Pisunu" {flame, Will+ rCorr
                  | Str+3 Stlth-}.
  2875 | D:5      | 2875 ||| DROPPING +4 sling of the Mushroom {heavy, Int+2}.
  2876 | D:5      | 2876 ||| READING scroll of enchant weapon.
  2876 | D:5      | 2876 ||| ENCHANTING +0 orcbow.
  2918 | D:5      | Found a staircase to the Ecumenical Temple.
  2919 | D:5      | 2919 ||| PLANNING TEMPLE
  2919 | D:5      | 2919 ||| UPGRADING to ring of see invisible.
  2920 | D:5      | 2920 ||| READING 2 scrolls of identify.
  2920 | D:5      | 2920 ||| IDENTIFYING black potion
  2921 | D:5      | 2921 ||| DROPPING potion of brilliance.
  2930 | Temple   | Entered the Ecumenical Temple
  2931 | Temple   | 2931 ||| PLANNING OKAWARU WORSHIP
  2944 | Temple   | Became a worshipper of Warmaster Okawaru
  2945 | Temple   | 2945 ||| PLANNING D:1-11
  3003 | D:5      | Found a shimmering blue altar of Sif Muna.
  3020 | D:5      | 3020 ||| Stepping ~*~*~tactically~*~*~ (outnumbered).
  3076 | D:5      | Reached skill level 9 in Ranged Weapons
  3084 | D:5      | Reached * piety under Okawaru
  3085 | D:5      | Reached skill level 6 in Fighting
  3141 | D:5      | Found a snail-covered altar of Cheibriados.
  3199 | D:5      | 3199 ||| Stepping ~*~*~tactically~*~*~ (retreating).
  3203 | D:5      | 3203 ||| Stepping ~*~*~tactically~*~*~ (retreating).
  3204 | D:5      | 3204 ||| Stepping ~*~*~tactically~*~*~ (retreating).
  3205 | D:5      | 3205 ||| Stepping ~*~*~tactically~*~*~ (retreating).
  3212 | D:5      | Reached skill level 1 in Invocations
  3251 | D:5      | 3251 ||| RETREATING.
  3252 | D:5      | 3252 ||| INVOKING Heroism.
  3272 | D:5      | HP: 12/51 [ogre/+0 giant club (18)]
  3273 | D:5      | 3273 ||| READING 2 scrolls of teleportation.
  3273 | D:5      | Slain by an ogre

Levels and vault maps discovered:
D:1:      minmay_arrival_stair_chambers, layout_basic
D:2:      layout_basic, shapermc_ecumenical_altar_venn, basic_altar,
          minmay_pentomino_p2, uniq_natasha, uniq_sigmund
D:3:      layout_rooms, uniq_ijyb
D:4:      layout_cave_pools, minmay_overflow_temple_star_quad,
          nicolae_shop_self_help, uniq_eustachio, uniq_crazy_yiuf_cottage
D:5:      minmay_chambers_of_threes, layout_cave_pools,
          nicolae_sif_muna_little_library, cheibriados_altar_1,
          nicolae_elyvilon_temple_path, minmay_temple_entry_waves,
          kennysheep_generic_room_2
Temple:   kb_corrupted_temple

Skill      XL: |  1  2  3  4  5  6  7  8 |
---------------+-------------------------+-----
Armour         | 1 |  1.3
Ranged Weapons | 5 6 7 8 9 |  9.4
Fighting       | 3 4 5 6 |  6.0
Dodging        | 2 |  2.9
Invocations    | 2 |  2.5
Stealth        | |  1.1

Action                     |  1- 3 |  4- 6 |  7- 9 || total
---------------------------+-------+-------+-------++-------
   Fire: Shortbow          |    43 |       |       ||    43
         Sling             |    22 |   153 |    99 ||   274
         Orcbow            |       |       |    95 ||    95
 Invoke: Heroism           |       |       |     1 ||     1
    Use: Scroll            |     3 |     6 |     5 ||    14
         Potion            |     2 |     4 |     1 ||     7
 Armour: Leather armour    |     4 |       |    42 ||    46
         Ring mail         |    36 |    71 |    40 ||   147
  Dodge: Dodged            |    38 |    76 |    75 ||   189
  Block: Other             |       |       |    37 ||    37

Table legend:
 A = Non-vault XP
 B = Vault XP
 C = Vault XP percentage of total XP
 D = Non-vault monster count
 E = Vault monster count
 F = Vault count percentage of total count
                 A         B        C        D         E       F
            +---------+---------+-------+---------+---------+-------
      Total |    1116 |    1104 |  49.7 |      87 |      13 |  13.0
            +---------+---------+-------+---------+---------+-------
        D:1 |      18 |       0 |   0.0 |      10 |       0 |   0.0
        D:2 |     124 |     265 |  68.1 |      19 |       4 |  17.4
        D:3 |     155 |      36 |  18.8 |      29 |       1 |   3.3
        D:4 |     251 |     211 |  45.7 |      19 |       1 |   5.0
        D:5 |     568 |     592 |  51.0 |      10 |       7 |  41.2
            +---------+---------+-------+---------+---------+-------
